Map: Acid Plant LE

Players

JonSnow - Winner!

  • Race: Zerg Zerg
  • Spawn Location: 11:00

Namshar

  • Race: Zerg Zerg
  • Spawn Location: 5:00

Event: WESG 2017 Haikou

VOD

Have the link to the VOD?

Description

Time

  • Played on: March 13, 2018, 1:34 a.m.
  • Length: 11:51

All games in this series

Show
View Real Time Build Order
Export as new Build Order

JonSnow Zerg - Winner!

Build Orders: Hatch First, Roach Hydra, Zergling Baneling 

Get SALT Encoding   

  12  0:00  Drone  
  13  0:13  Overlord  
  13  0:18  Drone  
  14  0:31  Drone x2  
  16  0:37  Drone  
  17  0:53  Hatchery  
  16  0:57  Drone  
  16  1:00  Drone  
  18  1:05  Extractor  
  18  1:07  Drone  
  18  1:18  Spawning Pool  
  17  1:21  Drone  
  18  1:30  Drone  
  19  1:40  Overlord  
  19  1:51  Drone  
  20  2:02  Drone  
  20  2:04  Queen  
  20  2:05  Queen, Zergling x2  
  20  2:07  Metabolic Boost  
  26  2:13  Zergling x2  
  27  2:15  Drone  
  27  2:22  Drone  
  29  2:27  Drone  
  29  2:28  Baneling Nest  
  29  2:45  Hatchery  
  29  2:49  Zergling x4  
  30  2:51  Drone  
  31  2:58  Zergling x4  
  31  2:59  Zergling x2  
  34  3:11  Overlord  
  34  3:17  Baneling  
  34  3:18  Baneling x3  
  34  3:19  Drone x2  
  36  3:27  Overlord  
  36  3:32  Drone x5  
  41  3:37  Zergling x2  
  40  3:49  Zergling x4  
  40  3:54  Zergling x6  
  40  3:55  Queen  
  45  3:56  Drone  
  45  3:59  Baneling x2  
  46  4:04  Zergling x8  
  46  4:06  Baneling x2  
  46  4:08  Drone  
  51  4:14  Baneling  
  51  4:18  Drone x3, Overlord  
  54  4:24  Drone  
  54  4:25  Drone  
  54  4:27  Overlord  
  54  4:30  Extractor  
  54  4:31  Evolution Chamber  
  54  4:33  Baneling  
  54  4:37  Drone x5  
  59  4:47  Drone x2  
  59  4:48  Baneling  
  61  4:59  Roach Warren  
  57  5:02  Drone x9  
  57  5:06  Drone  
  67  5:08  Drone  
  67  5:11  Extractor  
  67  5:12  Overlord  
  66  5:15  Drone  
  66  5:16  Lair  
  67  5:31  Baneling x3  
  67  5:32  Zergling x2  
  67  5:33  Zergling x14  
  67  5:34  Drone  
  76  5:40  Drone  
  73  5:52  Roach x4  
  75  6:01  Drone  
  75  6:02  Drone x7  
  71  6:07  Drone x3  
  71  6:11  Zerg Missile Weapons Level 1, Queen  
  73  6:13  Overlord  
  73  6:14  Overlord  
  75  6:19  Extractor x2  
  75  6:20  Drone  
  75  6:22  Extractor  
  75  6:23  Drone, Glial Reconstitution  
  75  6:25  Drone  
  75  6:30  Drone  
  76  6:38  Drone x5  
  81  6:41  Hatchery  
  81  6:45  Roach x2  
  82  6:55  Roach x2  
  82  6:57  Drone  
  82  7:01  Hydralisk Den, Drone x2  
  85  7:02  Drone x3  
  85  7:06  Roach x3  
  96  7:13  Overlord  
  96  7:17  Overlord  
  96  7:21  Overlord  
  96  7:22  Overlord  
  96  7:27  Overlord  
  96  7:30  Queen  
  96  7:31  Muscular Augments, Hydralisk  
  96  7:32  Hydralisk x2  
  104  7:41  Drone  
  104  7:44  Drone, Spore Crawler  
  104  7:48  Spore Crawler  
  104  7:49  Spore Crawler  
  102  7:52  Hydralisk x8  
  102  7:56  Unknown  
  102  7:57  Spore Crawler  
  117  7:59  Overlord  
  117  8:04  Hydralisk x4  
  125  8:07  Zerg Missile Weapons Level 2  
  125  8:08  Overlord  
  125  8:09  Drone  
  126  8:15  Spore Crawler  
  126  8:17  Hydralisk x3  
  131  8:20  Overlord  
  131  8:22  Drone  
  131  8:23  Drone  
  133  8:29  Overlord x2  
  133  8:31  Drone  
  133  8:33  Drone x3  
  137  8:37  Overlord  
  137  8:41  Roach  
  137  8:42  Roach x2, Grooved Spines  
  137  8:44  Zergling x2  
  137  8:45  Zergling x2  
  137  8:46  Roach  
  147  8:53  Roach x4  
  155  8:59  Roach x3  
  155  9:01  Ravager x3  
  171  9:10  Roach x4  
  160  9:19  Drone x6  
  160  9:20  Drone x3  
  169  9:27  Roach x6  
  180  9:35  Extractor, Roach x2  
  180  9:36  Overlord x2  
  183  9:45  Overlord  
  181  9:47  Overlord  
  181  9:48  Overlord x2  
  181  9:55  Roach  
  181  9:56  Roach x3  
  181  9:57  Ravager x3  
  181  9:58  Ravager x2  
  199  10:00  Ravager  
  199  10:04  Ravager, Overseer  
  194  10:18  Roach  
  194  10:19  Roach x5  
  192  10:28  Roach x6  
  196  10:33  Roach  
  196  10:34  Roach  
  192  10:37  Roach x3  
  192  10:38  Roach  
  199  10:45  Roach x2  
  197  11:02  Roach x6  
  189  11:07  Roach x4  
  159  11:12  Roach x2  
  159  11:15  Roach  
  154  11:18  Hydralisk  
  154  11:19  Hydralisk  
  158  11:26  Roach x2  
  158  11:27  Roach  
Show
View Real Time Build Order
Export as new Build Order

Namshar Zerg 

Build Orders: Hatch First, Muta Ling Bane 

Get SALT Encoding   

  12  0:01  Drone  
  13  0:12  Overlord  
  13  0:17  Drone  
  14  0:30  Drone x2  
  14  0:34  Drone  
  17  0:50  Hatchery  
  17  0:53  Drone  
  18  0:57  Drone  
  18  1:07  Extractor  
  17  1:11  Spawning Pool  
  17  1:14  Drone  
  17  1:18  Drone  
  18  1:28  Drone  
  19  1:38  Overlord  
  19  1:49  Drone  
  20  1:58  Queen  
  20  2:00  Zergling x2  
  23  2:02  Zergling x2, Queen  
  23  2:07  Metabolic Boost  
  26  2:10  Drone  
  26  2:13  Drone  
  28  2:22  Drone  
  29  2:24  Drone  
  30  2:32  Hatchery  
  30  2:35  Zergling x2  
  30  2:50  Drone  
  30  2:51  Baneling Nest  
  30  2:53  Overlord  
  30  2:55  Drone x2  
  32  2:59  Zergling x2  
  33  3:10  Drone x2  
  33  3:11  Drone x2  
  37  3:13  Zergling x2  
  37  3:14  Drone  
  37  3:17  Queen  
  41  3:22  Zergling x2  
  41  3:23  Zergling x2  
  43  3:30  Overlord  
  43  3:31  Overlord  
  43  3:37  Baneling  
  43  3:38  Baneling  
  43  3:39  Baneling  
  43  3:41  Zergling x6  
  44  3:48  Zergling x8  
  46  3:56  Baneling  
  46  3:58  Drone  
  46  3:59  Drone x3  
  50  4:05  Drone  
  51  4:13  Evolution Chamber  
  51  4:15  Drone x4  
  54  4:24  Extractor  
  54  4:25  Drone x2  
  54  4:26  Drone x4  
  59  4:33  Lair  
  59  4:36  Drone x4  
  59  4:38  Roach Warren  
  62  4:40  Overlord  
  62  4:52  Baneling x2  
  61  4:59  Hatchery  
  57  5:03  Extractor  
  57  5:04  Zerg Missile Weapons Level 1  
  56  5:08  Zergling x18  
  56  5:10  Baneling  
  64  5:16  Zergling x4  
  64  5:18  Overlord  
  64  5:43  Glial Reconstitution, Overlord x2  
  64  5:45  Drone x2  
  64  5:46  Drone x5  
  65  6:00  Roach x5  
  72  6:11  Roach x2  
  73  6:17  Drone x2, Extractor  
  73  6:18  Drone x2  
  75  6:20  Drone  
  75  6:22  Spire, Overlord  
  75  6:26  Drone  
  75  6:27  Drone  
  75  6:31  Drone  
  78  6:35  Drone x2  
  80  6:41  Drone x2  
  80  6:45  Drone x5  
  80  6:46  Drone  
  88  6:53  Extractor  
  88  6:54  Extractor  
  85  7:01  Drone x2, Overlord  
  85  7:02  Overlord  
  85  7:03  Zerg Missile Weapons Level 2  
  85  7:08  Hatchery  
  85  7:15  Overlord x4  
  85  7:20  Overseer  
  85  7:34  Zerg Flyer Weapons Level 1, Mutalisk x6  
  97  7:44  Overlord  
  97  7:46  Drone  
  97  7:49  Roach  
  97  7:50  Roach x8  
  116  7:58  Roach x6  
  128  8:02  Overlord  
  128  8:03  Overlord  
  128  8:06  Drone, Evolution Chamber, Queen  
  128  8:12  Roach  
  132  8:13  Roach x2  
  132  8:14  Centrifical Hooks  
  136  8:20  Drone  
  136  8:21  Drone x6  
  143  8:31  Drone x3  
  143  8:33  Extractor  
  145  8:38  Extractor  
  145  8:40  Overlord  
  144  8:41  Roach  
  144  8:42  Roach x3  
  144  8:48  Ravager x4  
  156  8:52  Zerg Ground Armor Level 1  
  156  8:55  Roach x6  
  168  9:00  Roach x3  
  174  9:14  Roach  
  174  9:15  Roach x9  
  172  9:26  Roach x7  
  170  9:31  Ravager  
  170  9:32  Overlord  
  170  9:33  Roach  
  170  9:34  Roach  
  170  9:37  Roach x3  
  181  9:41  Ravager  
  181  9:45  Roach x2  
  186  9:48  Overlord x2  
  186  9:51  Drone  
  187  9:53  Infestation Pit  
  187  9:55  Roach x4  
  194  10:04  Hydralisk Den  
  189  10:17  Roach x5  
  199  10:27  Hatchery  
  192  10:32  Roach  
  192  10:33  Roach x14  
  189  10:37  Roach  
  178  10:43  Roach  
  178  10:44  Roach x4  
  178  10:49  Ravager x3  
  183  10:50  Roach  
  183  10:51  Roach  
  183  10:52  Roach x2  
  183  10:56  Roach  
  189  11:03  Roach  
  189  11:04  Roach x2  
  165  11:08  Roach  
  123  11:15  Roach x12  
  123  11:18  Roach x3  
  123  11:22  Roach  
  117  11:26  Unknown x2  
  117  11:27  Roach  
  117  11:31  Roach x2  
Tags
 
Add a new tag
Caveats
  • Supply blocks, unpowered buildings, or Contaminate may cause inaccurate times.
  • Supply counts are checked every 10 seconds.